 Dungeon Crawl Stone Soup version 0.21.1-1-g345015f (webtiles) character file.

5633 tidbits the Martial Artist (level 10, -3/76 HPs)
             Began as a Gnoll Transmuter on Mar 20, 2018.
             Was an Elder of Cheibriados.
             Slain by a yak (13 damage)
             ... in an ice cave.
             The game lasted 00:29:58 (2685 turns).

tidbits the Martial Artist (Gnoll Transmuter)       Turns: 2685, Time: 00:29:59

Health: -3/76      AC:  8    Str: 21    XL:     10   Next: 74%
Magic:  16/21      EV: 19    Int: 28    God:    Cheibriados [****..]
Gold:   14         SH:  0    Dex: 25    Spells: 9/24 levels left

rFire    . . .     SeeInvis +     - Unarmed
rCold    + . .     Gourm    .   (shield currently unavailable)
rNeg     . . .     Faith    .   B - +2 leather armour {rC+}
rPois    .         Spirit   .   E - +0 helmet
rElec    .         Reflect  .   C - +0 cloak {+Inv}
rCorr    .         Harm     .   (gloves currently unavailable)
MR       .....                  (no boots)
Stlth    +++.......             (no amulet)
HPRegen  0.22/turn              I - ring of see invisible
MPRegen  0.17/turn              (no ring)

@: blade hands, very slow
A: distributed training, fangs 1, strong nose
a: End Transformation, Bend Time, Temporal Distortion, Slouch, Renounce
Religion, Evoke Invisibility


You were in an ice cave.
You worshipped Cheibriados.
Cheibriados was greatly pleased with you.
You were not hungry.
You had blades for hands.
You visited 1 branch of the dungeon, and saw 11 of its levels.
You also visited: Ice Cave.

You collected 275 gold pieces.
You spent 261 gold pieces at shops.

Inventory:

Hand Weapons
 a - a +1 dagger (melded)
 f - a +0 dagger
 m - a +3 dagger of distortion
   (You took it off Psyche on level 9 of the Dungeon)
 p - a +0 hunting sling
 t - a +0 hand axe of draining
   (You took it off an orc on level 4 of the Dungeon)
 w - a +0 war axe
 y - a +1 hand axe of chopping
   (You found it on level 7 of the Dungeon)
 G - the +0 short sword of Pride {drain, Str+4 Stlth+}
   (You found it on level 8 of the Dungeon)

   A truly terrible weapon, it drains the life of those it strikes.
   It affects your strength (+4).
   It makes you more stealthy.
Missiles
 i - 19 bolts
 o - 60 arrows
 q - 18 stones
 v - 2 javelins (quivered)
 L - 7 curare-tipped needles
Armour
 s - a +0 robe
 u - a +2 shield
 B - a +2 leather armour of cold resistance (worn)
   (You found it on level 4 of the Dungeon)
 C - a +0 cloak of invisibility (worn)
   (You took it off Crazy Yiuf on level 2 of the Dungeon)
 D - a +0 buckler (melded)
 E - a +0 helmet (worn)
Jewellery
 I - a ring of see invisible (left scythe-like blade)
   (You found it on level 4 of the Dungeon)
Wands
 N - a wand of clouds (4)
Scrolls
 b - 2 scrolls of teleportation
 g - a scroll of enchant weapon
 h - a scroll of fog
 k - a scroll of fear
 r - a scroll of remove curse
 z - a scroll of holy word
 K - a scroll of torment
 P - a scroll of summoning {unknown}
 Q - a scroll of immolation {unknown}
Potions
 e - a potion of haste {unknown}
 j - a potion of might
 l - a potion of ambrosia {unknown}
 n - a potion of lignification
 x - 2 potions of flight
 A - a potion of degeneration {unknown}
 F - a potion of heal wounds
 H - a potion of resistance
 J - a potion of mutation {unknown}
 M - a potion of cancellation {unknown}
 O - 2 potions of brilliance {unknown}
Books
 d - a book of Changes

   Spells                             Type                      Level
   a - Beastly Appendage              Transmutation                1
   b - Sticks to Snakes               Transmutation                2
   c - Spider Form                    Transmutation/Poison         3
   d - Ice Form                       Ice/Transmutation            4
   e - Blade Hands                    Transmutation                5
Comestibles
 c - 10 rations


   Skills:
 + Level 6.1 Fighting
 + Level 5.4 Short Blades
 + Level 5.4 Long Blades
 + Level 5.4 Axes
 + Level 5.4 Maces & Flails
 + Level 5.4 Polearms
 + Level 5.4 Staves
 + Level 5.4 Slings
 + Level 5.4 Bows
 + Level 5.4 Crossbows
 + Level 5.4 Throwing
 + Level 5.4 Armour
 + Level 7.2 Dodging
 + Level 5.4 Stealth
 + Level 5.4 Shields
 + Level 8.6 Unarmed Combat
 + Level 7.5 Spellcasting
 + Level 4.5 Conjurations
 + Level 4.5 Hexes
 + Level 4.5 Charms
 + Level 4.5 Summonings
 + Level 4.5 Necromancy
 + Level 4.5 Translocations
 + Level 6.0 Transmutations
 + Level 4.5 Fire Magic
 + Level 4.5 Ice Magic
 + Level 4.5 Air Magic
 + Level 4.5 Earth Magic
 + Level 4.5 Poison Magic
 + Level 6.0 Invocations
 + Level 5.4 Evocations


You had 9 spell levels left.
You knew the following spells:

 Your Spells              Type           Power        Failure   Level  Hunger
e - Beastly Appendage     Tmut           #####.       12%         1    None
h - Blade Hands           Tmut           #####.....   54%         5    ####...
i - Ice Form              Ice/Tmut       #####...     38%         4    ##.....
k - Sticks to Snakes      Tmut           #####...     13%         2    None
p - Spider Form           Tmut/Pois      #####.....   21%         3    None


Dungeon Overview and Level Annotations

Branches:
Dungeon (11/15)            Temple (0/1) D:6
   Lair: D:8-11         Orc: D:9-12

Altars:
Cheibriados
Elyvilon
Gozag
Makhleb
Nemelex Xobeh
Sif Muna
Trog
Vehumet
Xom

Shops:
D:7 *   D:9 *!

Annotations:
D:4 diggable book


Innate Abilities, Weirdness & Mutations

Your experience applies equally to all skills.
You have very sharp teeth.
Your uncanny sense of smell can sniff out nearby items.


Message History

The ice beast barely misses you. The flow of time bends around you.
Cheibriados rebukes the ice beast.
The ice beast seems to slow down.
Cheibriados rebukes the ice beast.
The ice beast seems to slow down.
Cheibriados rebukes the ice beast.
The ice beast seems to slow down.
You feel slightly more hungry.
Your adder bites the ice beast.
The ice beast barely misses you. x2
Your adder barely misses the ice beast.
You pummel the ice beast!!
You kill the ice beast!
Cheibriados thoroughly appreciates the change of pace.
Your adder bites the ice beast.
The ice beast hits you but does no damage.
The ice beast misses you.
Unknown command.
You pummel the ice beast!!
The ice beast is severely wounded.
Your adder bites the ice beast.
The ice beast is poisoned.
Your adder poisons the ice beast!
You strike the helpless ice beast from behind!
You punch the ice beast!
You kill the ice beast!
Cheibriados appreciates the change of pace.
Your adder barely misses the ice beast.
The ice beast completely misses you.
You punch the ice beast!
The ice beast is severely wounded.
Your adder bites the ice beast.
The ice beast is poisoned.
Your adder poisons the ice beast!
You closely miss the ice beast.
The ice beast is severely wounded.
Your adder misses the ice beast.
The ice beast hits you but does no damage.
You hit the ice beast but do no damage.
The ice beast is almost dead.
Your adder closely misses the ice beast.
The ice beast hits you but does no damage.
You punch the ice beast!
You kill the ice beast!
Cheibriados appreciates the change of pace.
A worker ant comes into view.
The worker ant twitches its antennae in your direction.
There is a frozen archway here.
The world spins around you as you enter the gateway.
You enter an ice cave!
Found an ice covered gate leading back out of this place.
There is an ice choked empty arch of ancient stone here.
Unknown command.
There is an ice choked empty arch of ancient stone here.
A yak comes into view.
A yak comes into view. 2 wolves come into view.
You warm up again.
Your +1 dagger unmelds from your body.
Your +0 cloak of invisibility unmelds from your body.
Your +0 helmet unmelds from your body.
Your +0 buckler unmelds from your body.
Your +2 leather armour of cold resistance unmelds from your body.
You become transparent for a moment.
You feel resistant to cold.
The helpless yak fails to defend itself.
You skewer the yak like a kebab!!!
You kill the yak!
Cheibriados thoroughly appreciates the change of pace.
The wolf closely misses you.
The yak bellows!
The yak snorts and paws the ground.
The yak moves out of view.
The wolf barely misses you. The wolf completely misses you.
Casting: Sticks to Snakes
Confirm with . or Enter, or press ? or * to list all spells.
Your hands turn into razor-sharp scythe blades.
Your +1 dagger melds into your body.
Your +0 buckler melds into your body.
The wolf completely misses you. x2; The wolf closely misses you. x2
You slice the wolf!!
The wolf is severely wounded.
The wolf bites you.
* * * LOW HITPOINT WARNING * * *
The wolf bites you!
* * * LOW HITPOINT WARNING * * *
The wolf bites you but does no damage.
You slash the wolf!
You kill the wolf!
Cheibriados thoroughly appreciates the change of pace.
Your Transmutations skill increases to level 6!
Your Invocations skill increases to level 6!
The wolf completely misses you. x2
You shred the wolf!!!
You kill the wolf!
Cheibriados thoroughly appreciates the change of pace.
You hit the yak. Your bite misses the yak.
The yak is lightly wounded.
The yak gores you!
* * * LOW HITPOINT WARNING * * *
You hit the yak. You slash the yak! You bite the yak.
The yak is severely wounded.
The yak misses you.
You hit the yak but do no damage.
The yak is severely wounded.
The yak gores you!
You die...

## ...### #########
....#### ..##....####
#h.Y.##
∩....#.....#######...#
..∩.######....##@Y..##
....# ####...†####
##.## ##.### ### ###


You could see a yak.

Vanquished Creatures
  A two-headed ogre (D:8)
  An ugly thing (D:11)
  Psyche (D:9)
  A komodo dragon (D:11)
  A hippogriff (D:7)
  6 yaks
  2 black bears
  An orc warrior (D:8)
  A sky beast (D:8)
  An eye of draining (D:10)
  8 ice beasts (D:11)
  A necrophage (D:10)
  2 wolves (IceCv)
  3 ogres
  A centaur (D:9)
  A big kobold (D:9)
  2 bullfrogs
  Blork the orc (D:5)
  A gnoll sergeant (D:6)
  A wyvern skeleton (D:9)
  2 scorpions
  3 wights (D:11)
  2 crimson imps
  A bullfrog zombie (D:10)
  A jelly (D:8)
  3 hounds
  Crazy Yiuf (D:2)
  An orc priest (D:4)
  4 orc wizards
  An iguana (D:4)
  3 worker ants
  A worker ant zombie (D:6)
  Robin (D:2)
  4 gnolls (D:6)
  A howler monkey skeleton (D:4)
  5 adders
  A shadow imp (D:6)
  An ooze (D:3)
  A worm (D:3)
  A dart slug (D:1)
  A leopard gecko (D:5)
  20 orcs
  4 bats
  2 giant cockroaches
  11 goblins
  10 hobgoblins
  6 jackals
  2 quokkas
  6 frilled lizards
  5 kobolds
  A leopard gecko skeleton (D:8)
  3 rats
146 creatures vanquished.

Vanquished Creatures (collateral kills)
  A jelly (D:5)
  A goblin (D:2)
  A kobold (D:9)
3 creatures vanquished.

Grand Total: 149 creatures vanquished

Notes
Turn   | Place    | Note
-------+----------+-------------------------------------------
     0 | D:1      | tidbits the Gnoll Transmuter began the quest for the Orb.
     0 | D:1      | Reached XP level 1. HP: 17/17 MP: 6/6
    74 | D:1      | Reached XP level 2. HP: 14/23 MP: 7/7
    78 | D:1      | Learned a level 2 spell: Sticks to Snakes
   363 | D:3      | Reached skill level 5 in Spellcasting
   363 | D:3      | Reached XP level 3. HP: 23/28 MP: 4/9
   368 | D:3      | Learned a level 3 spell: Spider Form
   510 | D:2      | Noticed Robin
   535 | D:2      | Reached skill level 1 in Invocations
   557 | D:2      | Killed Robin
   557 | D:2      | Reached skill level 1 in Short Blades
   557 | D:2      | Reached skill level 1 in Long Blades
   557 | D:2      | Reached skill level 1 in Axes
   557 | D:2      | Reached skill level 1 in Maces & Flails
   557 | D:2      | Reached skill level 1 in Polearms
   557 | D:2      | Reached skill level 1 in Staves
   557 | D:2      | Reached skill level 1 in Slings
   557 | D:2      | Reached skill level 1 in Bows
   557 | D:2      | Reached skill level 1 in Crossbows
   557 | D:2      | Reached skill level 1 in Throwing
   557 | D:2      | Reached skill level 1 in Armour
   557 | D:2      | Reached skill level 1 in Stealth
   557 | D:2      | Reached skill level 1 in Shields
   557 | D:2      | Reached skill level 1 in Evocations
   557 | D:2      | Reached XP level 4. HP: 13/34 MP: 2/11
   649 | D:2      | Found a deep blue altar of Sif Muna.
   671 | D:2      | Found a snail-covered altar of Cheibriados.
   683 | D:2      | Became a worshipper of Cheibriados the Contemplative
   723 | D:2      | Found a runed door.
   729 | D:2      | Noticed Crazy Yiuf
   742 | D:2      | Killed Crazy Yiuf
   854 | D:3      | Reached skill level 1 in Conjurations
   854 | D:3      | Reached skill level 1 in Hexes
   854 | D:3      | Reached skill level 1 in Charms
   854 | D:3      | Reached skill level 1 in Summonings
   854 | D:3      | Reached skill level 1 in Necromancy
   854 | D:3      | Reached skill level 1 in Translocations
   854 | D:3      | Reached skill level 1 in Fire Magic
   854 | D:3      | Reached skill level 1 in Ice Magic
   854 | D:3      | Reached skill level 1 in Air Magic
   854 | D:3      | Reached skill level 1 in Earth Magic
   854 | D:3      | Reached skill level 1 in Poison Magic
  1066 | D:4      | Learned a level 4 spell: Ice Form
  1071 | D:5      | Entered Level 5 of the Dungeon
  1084 | D:5      | Reached * piety under Cheibriados
  1084 | D:5      | Reached XP level 5. HP: 26/40 MP: 4/12
  1138 | D:4      | Reached skill level 3 in Fighting
  1138 | D:4      | Reached skill level 4 in Transmutations
  1190 | D:4      | Reached skill level 2 in Invocations
  1190 | D:4      | Reached XP level 6. HP: 19/47 MP: 7/13
  1217 | D:5      | Reached skill level 2 in Short Blades
  1217 | D:5      | Reached skill level 2 in Long Blades
  1217 | D:5      | Reached skill level 2 in Axes
  1217 | D:5      | Reached skill level 2 in Maces & Flails
  1217 | D:5      | Reached skill level 2 in Polearms
  1217 | D:5      | Reached skill level 2 in Staves
  1217 | D:5      | Reached skill level 2 in Slings
  1217 | D:5      | Reached skill level 2 in Bows
  1217 | D:5      | Reached skill level 2 in Crossbows
  1217 | D:5      | Reached skill level 2 in Throwing
  1217 | D:5      | Reached skill level 2 in Armour
  1217 | D:5      | Reached skill level 5 in Dodging
  1217 | D:5      | Reached skill level 2 in Stealth
  1217 | D:5      | Reached skill level 2 in Shields
  1217 | D:5      | Reached skill level 2 in Evocations
  1231 | D:5      | Noticed Blork the orc
  1261 | D:6      | Found a shimmering altar of Xom.
  1272 | D:6      | Found a staircase to the Ecumenical Temple.
  1318 | D:6      | Found an opulent altar of Gozag.
  1319 | D:6      | Found a bloodstained altar of Trog.
  1320 | D:6      | Found a white marble altar of Elyvilon.
  1357 | D:6      | Reached ** piety under Cheibriados
  1394 | D:6      | Reached XP level 7. HP: 48/52 MP: 8/15
  1400 | D:6      | Reached skill level 7 in Unarmed Combat
  1499 | D:5      | Killed Blork the orc
  1499 | D:5      | Reached skill level 2 in Conjurations
  1499 | D:5      | Reached skill level 2 in Hexes
  1499 | D:5      | Reached skill level 2 in Charms
  1499 | D:5      | Reached skill level 2 in Summonings
  1499 | D:5      | Reached skill level 2 in Necromancy
  1499 | D:5      | Reached skill level 2 in Translocations
  1499 | D:5      | Reached skill level 2 in Fire Magic
  1499 | D:5      | Reached skill level 2 in Ice Magic
  1499 | D:5      | Reached skill level 2 in Air Magic
  1499 | D:5      | Reached skill level 2 in Earth Magic
  1499 | D:5      | Reached skill level 2 in Poison Magic
  1598 | D:7      | Found Sarphe's Assorted Antiques.
  1610 | D:7      | Bought a scroll labeled ZYNE LIREYCER for 28 gold pieces
  1610 | D:7      | Bought a puce potion for 25 gold pieces
  1610 | D:7      | Bought 2 bubbling red potions for 50 gold pieces
  1675 | D:7      | Noticed a hippogriff
  1683 | D:7      | Killed a hippogriff
  1683 | D:7      | Reached skill level 3 in Invocations
  1683 | D:7      | Reached XP level 8. HP: 39/60 MP: 8/16
  1688 | D:8      | Found a sparkling altar of Nemelex Xobeh.
  1837 | D:8      | Found a radiant altar of Vehumet.
  1838 | D:8      | Found a burning altar of Makhleb.
  1878 | D:9      | Reached skill level 4 in Fighting
  1878 | D:9      | Reached skill level 3 in Short Blades
  1878 | D:9      | Reached skill level 3 in Long Blades
  1878 | D:9      | Reached skill level 3 in Axes
  1878 | D:9      | Reached skill level 3 in Maces & Flails
  1878 | D:9      | Reached skill level 3 in Polearms
  1878 | D:9      | Reached skill level 3 in Staves
  1878 | D:9      | Reached skill level 3 in Slings
  1878 | D:9      | Reached skill level 3 in Bows
  1878 | D:9      | Reached skill level 3 in Crossbows
  1878 | D:9      | Reached skill level 3 in Throwing
  1878 | D:9      | Reached skill level 3 in Armour
  1878 | D:9      | Reached skill level 3 in Stealth
  1878 | D:9      | Reached skill level 3 in Shields
  1878 | D:9      | Reached skill level 3 in Evocations
  1897 | D:8      | Reached *** piety under Cheibriados
  1908 | D:8      | Reached skill level 6 in Spellcasting
  1941 | D:8      | Noticed a two-headed ogre
  1955 | D:8      | Killed a two-headed ogre
  1955 | D:8      | Reached skill level 6 in Dodging
  1955 | D:8      | Reached skill level 3 in Conjurations
  1955 | D:8      | Reached skill level 3 in Hexes
  1955 | D:8      | Reached skill level 3 in Charms
  1955 | D:8      | Reached skill level 3 in Summonings
  1955 | D:8      | Reached skill level 3 in Necromancy
  1955 | D:8      | Reached skill level 3 in Translocations
  1955 | D:8      | Reached skill level 5 in Transmutations
  1955 | D:8      | Reached skill level 3 in Fire Magic
  1955 | D:8      | Reached skill level 3 in Ice Magic
  1955 | D:8      | Reached skill level 3 in Air Magic
  1955 | D:8      | Reached skill level 3 in Earth Magic
  1955 | D:8      | Reached skill level 3 in Poison Magic
  1955 | D:8      | Reached skill level 4 in Invocations
  1955 | D:8      | Reached XP level 9. HP: 41/66 MP: 14/18
  1965 | D:8      | Got a fine short sword
  2024 | D:9      | Found Batiut's Assorted Antiques.
  2031 | D:9      | Bought a glowing emerald potion for 28 gold pieces
  2031 | D:9      | Bought a sapphire potion for 28 gold pieces
  2031 | D:9      | Bought a scroll labeled ZILURU NAJ for 32 gold pieces
  2064 | D:10     | Entered Level 10 of the Dungeon
  2075 | D:9      | Reached skill level 4 in Short Blades
  2075 | D:9      | Reached skill level 4 in Long Blades
  2075 | D:9      | Reached skill level 4 in Axes
  2075 | D:9      | Reached skill level 4 in Maces & Flails
  2075 | D:9      | Reached skill level 4 in Polearms
  2075 | D:9      | Reached skill level 4 in Staves
  2075 | D:9      | Reached skill level 4 in Slings
  2075 | D:9      | Reached skill level 4 in Bows
  2075 | D:9      | Reached skill level 4 in Crossbows
  2075 | D:9      | Reached skill level 4 in Throwing
  2075 | D:9      | Reached skill level 4 in Armour
  2075 | D:9      | Reached skill level 4 in Stealth
  2075 | D:9      | Reached skill level 4 in Shields
  2075 | D:9      | Reached skill level 4 in Evocations
  2148 | D:9      | Noticed Psyche
  2168 | D:9      | Killed Psyche
  2168 | D:9      | Reached skill level 5 in Fighting
  2179 | D:9      | Identified the cursed +0 short sword of Pride {drain, Str+4 Stlth+} (You found it on level 8 of the Dungeon)
  2238 | D:9      | Found Reusmy's Distillery.
  2246 | D:9      | Bought a potion of heal wounds for 70 gold pieces
  2263 | D:10     | Noticed a komodo dragon
  2307 | D:10     | Reached skill level 8 in Unarmed Combat
  2340 | D:10     | Reached skill level 5 in Invocations
  2386 | D:11     | Noticed a brown ugly thing
  2392 | D:11     | Killed a brown ugly thing
  2392 | D:11     | Reached skill level 7 in Spellcasting
  2392 | D:11     | Reached skill level 4 in Conjurations
  2392 | D:11     | Reached skill level 4 in Hexes
  2392 | D:11     | Reached skill level 4 in Charms
  2392 | D:11     | Reached skill level 4 in Summonings
  2392 | D:11     | Reached skill level 4 in Necromancy
  2392 | D:11     | Reached skill level 4 in Translocations
  2392 | D:11     | Reached skill level 4 in Fire Magic
  2392 | D:11     | Reached skill level 4 in Ice Magic
  2392 | D:11     | Reached skill level 4 in Air Magic
  2392 | D:11     | Reached skill level 4 in Earth Magic
  2392 | D:11     | Reached skill level 4 in Poison Magic
  2392 | D:11     | Reached XP level 10. HP: 51/74 MP: 15/20
  2517 | D:11     | Learned a level 5 spell: Blade Hands
  2524 | D:11     | Reached skill level 5 in Short Blades
  2524 | D:11     | Reached skill level 5 in Long Blades
  2524 | D:11     | Reached skill level 5 in Axes
  2524 | D:11     | Reached skill level 5 in Maces & Flails
  2524 | D:11     | Reached skill level 5 in Polearms
  2524 | D:11     | Reached skill level 5 in Staves
  2524 | D:11     | Reached skill level 5 in Slings
  2524 | D:11     | Reached skill level 5 in Bows
  2524 | D:11     | Reached skill level 5 in Crossbows
  2524 | D:11     | Reached skill level 5 in Throwing
  2524 | D:11     | Reached skill level 5 in Armour
  2524 | D:11     | Reached skill level 5 in Stealth
  2524 | D:11     | Reached skill level 5 in Shields
  2524 | D:11     | Reached skill level 5 in Evocations
  2528 | D:11     | Reached **** piety under Cheibriados
  2535 | D:11     | Reached skill level 7 in Dodging
  2623 | D:11     | Found a frozen archway.
  2641 | D:11     | Reached skill level 6 in Fighting
  2656 | IceCv    | Entered an ice cave
  2681 | IceCv    | Reached skill level 6 in Transmutations
  2681 | IceCv    | Reached skill level 6 in Invocations
  2685 | IceCv    | Slain by a yak

Skill      XL: |  1  2  3  4  5  6  7  8  9 10 |
---------------+-------------------------------+-----
Spellcasting   | 5 6 7 |  7.5
Invocations    | 1 2 3 4 5 6 |  6.0
Short Blades   | 1 2 3 4 5 |  5.4
Long Blades    | 1 2 3 4 5 |  5.4
Axes           | 1 2 3 4 5 |  5.4
Maces & Flails | 1 2 3 4 5 |  5.4
Polearms       | 1 2 3 4 5 |  5.4
Staves         | 1 2 3 4 5 |  5.4
Slings         | 1 2 3 4 5 |  5.4
Bows           | 1 2 3 4 5 |  5.4
Crossbows      | 1 2 3 4 5 |  5.4
Throwing       | 1 2 3 4 5 |  5.4
Armour         | 1 2 3 4 5 |  5.4
Stealth        | 1 2 3 4 5 |  5.4
Shields        | 1 2 3 4 5 |  5.4
Evocations     | 1 2 3 4 5 |  5.4
Conjurations   | 1 2 3 4 |  4.5
Hexes          | 1 2 3 4 |  4.5
Charms         | 1 2 3 4 |  4.5
Summonings     | 1 2 3 4 |  4.5
Necromancy     | 1 2 3 4 |  4.5
Translocations | 1 2 3 4 |  4.5
Fire Magic     | 1 2 3 4 |  4.5
Ice Magic      | 1 2 3 4 |  4.5
Air Magic      | 1 2 3 4 |  4.5
Earth Magic    | 1 2 3 4 |  4.5
Poison Magic   | 1 2 3 4 |  4.5
Fighting       | 3 4 5 6 |  6.1
Transmutations | 4 5 6 |  6.0
Dodging        | 5 6 7 |  7.2
Unarmed Combat | 7 8 |  8.6

Action                   |  1- 3 |  4- 6 |  7- 9 | 10-12 || total
-------------------------+-------+-------+-------+-------++-------
Melee: Unarmed           |    80 |    89 |   129 |    63 ||   361
       Kick              |    12 |       |       |       ||    12
       Bite              |     6 |       |     1 |     3 ||    10
       Punch             |     1 |     1 |       |     2 ||     4
       Headbutt          |     1 |       |       |       ||     1
       Dagger            |       |     5 |     3 |     2 ||    10
Throw: Javelin           |       |     3 |     8 |     2 ||    13
 Cast: Beastly Appendage |    10 |       |       |       ||    10
       Spider Form       |     3 |    18 |     8 |       ||    29
       Sticks to Snakes  |     2 |     7 |     8 |     3 ||    20
       Ice Form          |       |       |     8 |     2 ||    10
       Blade Hands       |       |       |       |     4 ||     4
Invok: Bend Time         |       |       |     1 |     2 ||     3
 Abil: End Transformatio |       |     2 |     1 |     1 ||     4
Evoke: Wand              |       |       |     1 |       ||     1
  Use: Scroll            |       |     2 |     6 |     1 ||     9
       Potion            |       |       |     7 |       ||     7
 Stab: Sleeping          |     2 |     4 |     3 |     3 ||    12
       Distracted        |     1 |       |       |     1 ||     2
  Eat: Chunk             |       |     3 |     3 |       ||     6
       Ration            |       |       |       |     1 ||     1
Armor: Robe              |     4 |       |       |       ||     4
       Skin              |     3 |     4 |    30 |    10 ||    47
       Leather armour    |       |     3 |     7 |     3 ||    13
Dodge: Dodged            |    52 |    78 |   115 |    52 ||   297
Block: Buckler           |       |       |    10 |       ||    10

Table legend:
 A = Turns spent in this place as a percentage of turns spent in the entire game.
 B = Non-inter-level travel turns spent in this place as a percentage of non-inter-level travel turns spent in the entire game.
 C = Inter-level travel turns spent in this place as a percentage of turns spent in this place.
 D = Turns resting spent in this place as a percentage of non-inter-level travel turns spent in this place.
 E = Turns spent auto-exploring this place as a percentage of non-inter-level travel turns spent in this place.
 F = Non-inter-level travel turns spent in this place divided by the number of levels of this place that you've seen.
                   A       B       C       D       E      F
               +-------+-------+-------+-------+-------+----------------------
         Total | 100.0 | 100.0 |   1.9 |   0.0 |   0.0 | 219.6
       Dungeon |  98.9 |  98.9 |   1.9 |   0.0 |   0.0 | 236.9
      Ice Cave |   1.1 |   1.1 |   0.0 |   0.0 |   0.0 |  29.0
               +-------+-------+-------+-------+-------+----------------------

Table legend:
 A = Kills in this place as a percentage of kills in entire the game.
 B = Kills by you in this place as a percentage of kills by you in the entire game.
 C = Kills by friends in this place as a percentage of kills by friends in the entire game.
 D = Other kills in this place as a percentage of other kills in the entire game.
 E = Experience gained in this place as a percentage of experience gained in the entire game.
 F = Experience gained in this place divided by the number of levels of this place that you have seen.
                   A       B       C       D       E      F
               +-------+-------+-------+-------+-------+----------------------
         Total | 100.0 | 100.0 | 100.0 |   N/A | 100.0 | 670.7
       Dungeon |  98.0 |  97.9 | 100.0 |   N/A |  94.5 | 691.7
      Ice Cave |   2.0 |   2.1 |   0.0 |   N/A |   5.5 | 439.0
               +-------+-------+-------+-------+-------+----------------------

Vault maps used:
D:1:      matt_arrival_refuge, minmay_misc_feat_columns, feat_on_display
D:2:      lemuel_crystal_altar, st_stairs_11, cheibriados_altar_1,
          uniq_crazy_yiuf_cottage, uniq_jessica, uniq_robin
D:3:      first_ration, uniq_natasha
D:4:      minmay_surrounded
D:5:      uniq_blork_the_orc
D:6:      gammafunk_temple_overflow_forgotten,
          chequers_temple_overflow_minitemple, minmay_temple_entry_statues,
          basic_altar, xom_teletrap_fun
D:7:      serial_shops, shop, fountainhead
D:8:      grunt_temple_overflow_lords_of_destruction,
          nemelex_xobeh_ov_fountains_minmay
D:9:      serial_shops, shop, shop, hangedman_little_slice_of_home, uniq_psyche
D:10:     lair_entry_dummy
D:11:     portal_ice_cave_entry_ice_beasts, minmay_misc_feat_four_crosses
IceCv:    ice_cave_caverns_01
